 Dungeon Crawl Stone Soup version 0.21.1-1-g345015fe64 (webtiles) character file.

39724 GotenAND the Severer (level 13, -1/115 HPs)
             Began as a Deep Dwarf Fighter on July 5, 2018.
             Was a High Priest of Makhleb.
             Slain by Rupert
             ... wielding a +1 great mace of crushing
              (10 damage)
             ... on level 6 of the Lair of Beasts.
             The game lasted 00:55:54 (12022 turns).

GotenAND the Severer (Deep Dwarf Fighter)          Turns: 12022, Time: 00:55:55

Health: -1/115     AC: 30    Str: 32    XL:     13   Next: 70%
Magic:  0/0        EV:  2    Int:  8    God:    Makhleb [*****.]
Gold:   950        SH:  0    Dex: 12    Spells: 24/24 levels left

rFire    + . .     SeeInvis +   a - +0 war axe
rCold    . . .     Gourm    .   k - +3 shield of Vuhej {Str+3}
rNeg     + + +     Faith    .   t - +4 plate armour {MR+}
rPois    ∞         Spirit   .   D - +2 helmet {SInv}
rElec    .         Reflect  .   s - +0 cloak
rCorr    +         Harm     +   B - +2 pair of gloves {Str+3}
MR       ++...                  x - +1 pair of boots
Stlth    ..........             j - amulet of harm
HPRegen  0.00/turn              y - ring of resist corrosion
MPRegen  0.07/turn              r - ring of protection from fire

@: petrified, non-regenerating, studying Hexes, drained
A: damage resistance, heal wounds, sense surroundings 2, no regeneration
a: Heal Wounds, Minor Destruction, Lesser Servant of Makhleb, Major Destruction,
Greater Servant of Makhleb, Renounce Religion


You were on level 6 of the Lair of Beasts.
You worshipped Makhleb.
Makhleb was extremely pleased with you.
You were very hungry.

You visited 4 branches of the dungeon, and saw 17 of its levels.
You visited the Abyss 1 time.
You also visited: Labyrinth and Volcano.

You collected 950 gold pieces.

Inventory:

Hand Weapons
 a - a +0 war axe (weapon)
 M - the +9 staff of Olgreb {rPois}
   (You found it in a labyrinth)

   It protects you from poison.
Armour
 k - the +3 shield of Vuhej (worn) {Str+3}
   (You found it in a labyrinth)

   It affects your strength (+3).
 s - a +0 cloak (worn)
 t - a +4 plate armour of magic resistance (worn)
 x - a +1 pair of boots (worn)
 B - a +2 pair of gloves of strength (worn)
 D - a +2 helmet of see invisible (worn)
 H - +0 fire dragon scales
Jewellery
 j - an amulet of harm (around neck)
 r - a ring of protection from fire (right hand)
 y - a ring of resist corrosion (left hand)
 L - the ring of Nivan {*Tele rF+ rC+ rN++ Str-4}
   (You found it in a labyrinth)

   [ring of teleportation]

   It may teleport you next to monsters.
   It affects your strength (-4).
   It protects you from fire.
   It protects you from cold.
   It greatly protects you from negative energy.
Scrolls
 e - 13 scrolls of remove curse
 m - 5 scrolls of teleportation
 v - 5 scrolls of magic mapping
 w - a scroll of blinking
Potions
 b - a potion of cancellation
 d - 3 potions of might
 i - 5 potions of curing
 l - 2 potions of haste
 n - 3 potions of resistance
 o - 2 potions of flight
 z - a potion of heal wounds
 A - 3 potions of agility
Books
 g - a book of Changes

   Spells                             Type                      Level
   a - Beastly Appendage              Transmutation                1
   b - Sticks to Snakes               Transmutation                2
   c - Spider Form                    Transmutation/Poison         3
   d - Ice Form                       Ice/Transmutation            4
   e - Blade Hands                    Transmutation                5
 h - a book of Geomancy

   Spells                             Type                      Level
   a - Sandblast                      Earth                        1
   b - Passwall                       Transmutation/Earth          2
   c - Stone Arrow                    Conjuration/Earth            3
   d - Petrify                        Transmutation/Earth          4
   e - Lee's Rapid Deconstruction     Earth                        5
 u - a book of Air

   Spells                             Type                      Level
   a - Shock                          Conjuration/Air              1
   b - Swiftness                      Charms/Air                   2
   c - Static Discharge               Conjuration/Air              3
   d - Airstrike                      Air                          4
   e - Lightning Bolt                 Conjuration/Air              5
 C - a manual of Hexes
Comestibles
 f - 31 rations


   Skills:
 + Level 7.5(6.7) Fighting
 * Level 15.9(14.9) Axes
 + Level 1.1(0.4) Staves
 * Level 12.3(11.4) Armour
 + Level 10.7(9.8) Shields
 - Level 6.3(5.5) Spellcasting
 * Level 5.8(5.0) Invocations


You had 24 spell levels left.
You didn't know any spells.

Dungeon Overview and Level Annotations

Branches:
Dungeon (8/15)             Temple (1/1) D:5            Lair (6/6) D:8
  Swamp (2/4) Lair:4        Snake (0/4) Lair:2        Slime (0/5) Lair:5

Altars:
Elyvilon
Fedhas
Hepliaklqana
Makhleb
Nemelex Xobeh
Okawaru
Qazlal
Uskayaw
Yredelemnul
Zin
Jiyva

Annotations:
D:4 Necrophagist's ghost, amateur SpEn
Lair:5 1 runed door
Lair:6 Rupert
Swamp:2 Frances


Innate Abilities, Weirdness & Mutations

You are resistant to damage.
You can heal yourself by infusing magical energy.
You passively map the area around you.
You do not regenerate.


Message History

Unknown command.
You are too injured to fight recklessly!
Your magical essence is drained by the effort!
You feel much better.
You are engulfed in calcifying dust.
Rupert hits you with a great mace of crushing!
Rupert hits you with a great mace of crushing!!
The catoblepas gores you but does no damage.
You have turned to stone.
You are engulfed in calcifying dust.
Rupert hits you but does no damage.
The catoblepas gores you but does no damage.
You are engulfed in calcifying dust.
Rupert hits you but does no damage.
The catoblepas gores you but does no damage.
The blink frog hits you but does no damage.
Rupert hits you with a great mace of crushing!!
* * * LOW HITPOINT WARNING * * *
x2 You are engulfed in calcifying dust.
The blink frog blinks!
The catoblepas gores you!!
* * * LOW HITPOINT WARNING * * *
Rupert hits you with a great mace of crushing!!
You die...

,, ,, , ,, ,
#..........P., ,
##............ *
, ##.............
*, ,
#..............*
, #.............#
#.............
**#...§YF.......*
*#..@@<.......
#............
*#...§.F......
#....§##P..P#P
##P.P..*#####
##P..# ** #.P.# *
*≈#.P.* ** * ≈ ,
,,


You could see Rupert (berserk), a catoblepas and 2 blink frogs.

Vanquished Creatures
  Snorg (Lair:3)
  The ghost of kajmaj the Carver, a journeyman MiFi of Okawaru (Lair:4)
  A minotaur (Lab)
  A fire dragon (Volcano)
  Josephine (Lair:5)
  A hydra (Lair:3)
  The ghost of GotenAND the Cleaver, a novice DDFi of Dithmenos (Lair:1)
  2 alligators (Swamp:1)
  4 two-headed ogres (Volcano)
  The ghost of dengdeng the Covered, a novice MiBe of Trog (D:7)
  2 swamp dragons (Swamp:1)
  2 unseen horrors (Lab)
  3 salamanders (Volcano)
  2 cyclopes (D:8)
  4 black mambas
  11 spiny frogs
  3 komodo dragons
  A tyrant leech (Swamp:1)
  3 meliai (Lair:5)
  A queen bee (Lair:5)
  A hornet (D:8)
  2 polar bears
  A meliai (shapeshifter) (D:8)
  Grinder (D:6)
  12 blink frogs
  7 hippogriffs
  Prince Ribbit (D:6)
  A minotaur skeleton (Lab)
  A bog body (Swamp:1)
  14 yaks
  5 redbacks (Lab)
  5 wyverns
  4 wraiths (Lair:5)
  5 basilisks
  5 fire bats (Volcano)
  4 steam dragons (Volcano)
  A hungry ghost (Lab)
  2 nagas (Lair:2)
  8 swamp worms
  10 water moccasins
  2 orc warriors (D:8)
  2 swamp drakes (Swamp:1)
  7 porcupines
  2 black bears
  10 ogres
  A necrophage (D:8)
  8 wolves
  9 crocodiles
  A centaur (D:8)
  A big kobold (D:8)
  9 bullfrogs
  A gnoll sergeant (D:8)
  3 scorpions
  26 killer bees
  A spriggan skeleton (Lab)
  An electric eel (Lair:4)
  3 wights (D:8)
  A howler monkey (D:6)
  A quasit (D:8)
  4 crimson imps
  A bullfrog zombie (D:8)
  A centaur zombie (D:4)
  3 hounds
  A bullfrog skeleton (D:6)
  A centaur skeleton (D:7)
  6 orc priests
  Crazy Yiuf (D:2)
  Jessica (D:3)
  2 iguanas
  4 orc wizards
  4 worker ants
  An ogre skeleton (Lab)
  A howler monkey zombie (D:7)
  3 gnolls (D:8)
  6 adders
  2 shadow imps (D:5)
  2 oozes
  An adder zombie (D:8)
  4 worms
  2 dart slugs (D:1)
  9 leopard geckos
  19 orcs
  5 giant cockroaches
  10 hobgoblins
  8 jackals
  9 quokkas
  2 ball pythons
  9 bats
  9 frilled lizards
  4 goblins
  17 kobolds
  A quokka zombie (D:8)
  15 rats
  A fungus (D:8)
  14 plants
408 creatures vanquished.

Vanquished Creatures (others)
  A steam dragon (Volcano)
  A crocodile (Volcano)
  11 fungi
  17 plants
30 creatures vanquished.

Grand Total: 438 creatures vanquished

Notes
Turn   | Place    | Note
-------+----------+-------------------------------------------
     0 | D:1      | GotenAND the Deep Dwarf Fighter began the quest for the Orb.
     0 | D:1      | Reached XP level 1. HP: 20/20 MP: 1/1
    72 | D:1      | Reached XP level 2. HP: 24/27 MP: 2/2
   440 | D:1      | Reached XP level 3. HP: 28/33 MP: 3/3
   803 | D:2      | Reached skill level 3 in Axes
   839 | D:2      | Found a blossoming altar of Fedhas.
  1103 | D:2      | Reached XP level 4. HP: 26/40 MP: 5/5
  1570 | D:2      | Found a runed door.
  1574 | D:2      | Noticed Crazy Yiuf
  1579 | D:2      | Killed Crazy Yiuf
  1579 | D:2      | Reached skill level 1 in Spellcasting
  1715 | D:3      | Found a faded altar of an unknown god.
  1969 | D:3      | Noticed Jessica
  1977 | D:3      | Killed Jessica
  1977 | D:3      | Reached skill level 4 in Axes
  1977 | D:3      | Reached XP level 5. HP: 39/49 MP: 6/6
  2290 | D:4      | Noticed an ogre
  2311 | D:4      | Reached XP level 6. HP: 33/56 MP: 8/8
  2322 | D:4      | Reached skill level 5 in Axes
  2425 | D:4      | Noticed Necrophagist's ghost (amateur SpEn)
  2428 | D:4      | Cast into level 2 of the Abyss (Necrophagist's ghost)
  2435 | Abyss:2  | Noticed a soul eater
  2497 | D:4      | Escaped the Abyss
  2518 | D:5      | Entered Level 5 of the Dungeon
  2548 | D:5      | Reached skill level 5 in Armour
  2642 | D:5      | Found a staircase to the Ecumenical Temple.
  2653 | D:5      | Reached XP level 7. HP: 62/62 MP: 7/7
  2656 | Temple   | Entered the Ecumenical Temple
  2662 | Temple   | Became a worshipper of Makhleb the Destroyer
  2829 | D:5      | Reached skill level 6 in Axes
  3087 | D:6      | Noticed Prince Ribbit
  3088 | D:6      | Found an iron altar of Okawaru.
  3102 | D:6      | Killed Prince Ribbit
  3102 | D:6      | Reached XP level 8. HP: 45/70 MP: 7/7
  3120 | D:6      | Reached skill level 7 in Axes
  3143 | D:6      | Noticed Grinder
  3159 | D:6      | Killed Grinder
  3288 | D:6      | Reached * piety under Makhleb
  3768 | D:7      | Noticed dengdeng's ghost (novice MiBe)
  3812 | D:7      | Killed dengdeng's ghost
  3812 | D:7      | Reached skill level 8 in Axes
  3812 | D:7      | Reached skill level 5 in Shields
  3812 | D:7      | Gained mutation: You passively map the area around you. [Deep Dwarf growth]
  3812 | D:7      | Reached XP level 9. HP: 51/78 MP: 8/8
  3976 | D:7      | Reached skill level 9 in Axes
  4540 | D:8      | Found a white marble altar of Elyvilon.
  4609 | D:8      | Reached ** piety under Makhleb
  4609 | D:8      | Paralysed by a hornet for 3 turns
  4623 | D:8      | Paralysed by a hornet for 3 turns
  4633 | D:8      | Noticed a meliai
  4633 | D:8      | a hog changed into a meliai
  4635 | D:8      | Killed a meliai
  4639 | D:8      | Reached skill level 10 in Axes
  4707 | D:8      | Reached XP level 10. HP: 82/87 MP: 9/9
  4716 | D:8      | Noticed a cyclops
  4735 | D:8      | Killed a cyclops
  4735 | D:8      | Reached skill level 5 in Fighting
  4739 | D:8      | Noticed a cyclops
  4754 | D:8      | Killed a cyclops
  4754 | D:8      | Reached skill level 11 in Axes
  5018 | D:8      | Found a staircase to the Lair.
  5035 | Lair:1   | Entered Level 1 of the Lair of Beasts
  5076 | Lair:1   | Noticed a spiny frog
  5089 | Lair:1   | Killed a spiny frog
  5093 | Lair:1   | Noticed a spiny frog
  5103 | Lair:1   | Killed a spiny frog
  5103 | Lair:1   | Reached *** piety under Makhleb
  5213 | Lair:1   | Reached skill level 12 in Axes
  5377 | Lair:1   | Reached skill level 5 in Spellcasting
  5410 | Lair:1   | Noticed a five-headed hydra
  5413 | Lair:1   | Noticed a spiny frog
  5437 | Lair:1   | Noticed GotenAND's ghost (novice DDFi)
  5463 | Lair:1   | Reached XP level 11. HP: 85/96 MP: 10/10
  5466 | Lair:1   | Killed GotenAND's ghost
  5922 | Lair:2   | Reached skill level 13 in Axes
  5922 | Lair:2   | Reached skill level 10 in Armour
  6057 | Lair:2   | Reached **** piety under Makhleb
  6222 | Lair:2   | Found a labyrinth entrance.
  6262 | Lab      | Entered a labyrinth
  7217 | Lab      | Noticed an unseen horror
  7218 | Lab      | Noticed an unseen horror
  7221 | Lab      | Killed an unseen horror
  7260 | Lab      | Killed an unseen horror
  7260 | Lab      | Reached XP level 12. HP: 75/105 MP: 11/11
  7265 | Lab      | Got a spiked shield
  7984 | Lab      | Noticed a minotaur
  7994 | Lab      | Killed a minotaur
  8014 | Lab      | Found the +2 cloak of the Thief {+Fog Slay-2 SInv Stlth+}
  8014 | Lab      | Found the +9 staff of Olgreb {rPois}
  8014 | Lab      | Got a heavily runed glass ring
  8034 | Lair:2   | Identified the +3 shield of Vuhej {Str+3} (You found it in a labyrinth)
  8067 | Lair:2   | Identified the ring of Nivan {*Tele rF+ rC+ rN++ Str-4} (You found it in a labyrinth)
  8207 | Lair:2   | Found a staircase to the Snake Pit.
  8621 | Lair:3   | Reached skill level 14 in Axes
  8711 | Lair:3   | Noticed Snorg
  8734 | Lair:3   | Killed Snorg
  8947 | Lair:3   | Noticed a six-headed hydra
  8960 | Lair:3   | Killed a six-headed hydra
  8960 | Lair:3   | Reached skill level 1 in Invocations
  9639 | Lair:4   | Noticed kajmaj's ghost (journeyman MiFi)
  9681 | Lair:4   | Killed kajmaj's ghost
 10127 | Lair:4   | Found a staircase to the Swamp.
 10166 | Swamp:1  | Entered Level 1 of the Swamp
 10477 | Swamp:1  | Reached skill level 1 in Staves
 10526 | Swamp:1  | Noticed an alligator
 10527 | Swamp:1  | Noticed an alligator
 10547 | Swamp:1  | Reached XP level 13. HP: 114/114 MP: 7/7
 10557 | Swamp:1  | Reached skill level 10 in Shields
 10575 | Swamp:2  | Noticed Frances
 10862 | Lair:5   | Reached skill level 15 in Axes
 10906 | Lair:5   | Reached ***** piety under Makhleb
 10991 | Lair:5   | Found a runed door.
 10993 | Lair:5   | Found a viscous altar of Jiyva.
 11070 | Lair:5   | Found a staircase to the Slime Pits.
 11119 | Lair:5   | HP: 4/115 [meliai/hand axe of electrocution (4)]
 11119 | Lair:5   | HP: 1/115 [meliai/hand axe of electrocution (3)]
 11283 | Lair:5   | Found a dark tunnel.
 11293 | Volcano  | Entered a volcano
 11344 | Volcano  | Reached skill level 5 in Invocations
 11534 | Volcano  | Noticed a fire dragon
 11543 | Volcano  | Killed a fire dragon
 11891 | Lair:5   | Noticed Josephine
 11920 | Lair:5   | Killed Josephine
 11999 | Lair:6   | Entered Level 6 of the Lair of Beasts
 11999 | Lair:6   | Noticed Rupert
 12022 | Lair:6   | Slain by Rupert

Skill      XL: |  1  2  3  4  5  6  7  8  9 10 11 12 13 |
---------------+----------------------------------------+-----
Axes           | 3 4 5 6 8 10 12 13 14 15 | 15.9
Armour         | 4 5 6 7 8 9 10 11 12 | 12.3
Fighting       | 3 4 5 6 7 |  7.5
Spellcasting   | 1 2 3 4 5 6 |  6.3
Shields        | 4 5 6 7 8 9 10 | 10.7
Invocations    | 3 5 |  5.8
Staves         | 1 |  1.1

Action                   |  1- 3 |  4- 6 |  7- 9 | 10-12 | 13-15 || total
-------------------------+-------+-------+-------+-------+-------++-------
Melee: War axe           |   149 |   221 |   334 |   775 |   323 ||  1802
       Staff             |       |       |       |    49 |       ||    49
 Abil: Heal Wounds       |     1 |    20 |    23 |    37 |    18 ||    99
  Use: Scroll            |     5 |     8 |     6 |     9 |     6 ||    34
       Potion            |       |       |       |     1 |     2 ||     3
  Eat: Chunk             |     1 |     6 |     3 |    10 |     5 ||    25
       Ration            |       |       |     1 |     3 |       ||     4
Armor: Scale mail        |    69 |   114 |   175 |    31 |       ||   389
       Plate armour      |       |       |       |   576 |   183 ||   759
Dodge: Dodged            |    55 |    86 |   124 |   224 |    69 ||   558
Block: Shield            |    76 |   151 |   197 |   717 |   265 ||  1406
